 Dungeon Crawl Stone Soup version 0.30-b1-2-g02819fbbbe (webtiles) character file.

Game seed: 17664224791429461742

104 mememasterpepo the Trooper (level 4, -1/60 HPs)
             Began as a Draconian Monk on May 13, 2023.
             Killed from afar by Sigmund (8 damage)
             ... with a magic dart
             ... on level 3 of the Dungeon.
             The game lasted 00:04:45 (1421 turns).

mememasterpepo the Trooper (Draconian Monk)         Turns: 1421, Time: 00:04:46

Health: -1/60      AC: 22    Str: 22    XL:     4   Next: 52%
Magic:  4/4        EV:  2    Int: 10    God:
Gold:   67         SH:  0    Dex: 13    Spells: 3/3 levels left

rFire   . . .        a - +0 falchion
rCold   . . .        (no shield)
rNeg    . . .        (body armour unavailable)
rPois   +            (helmet currently unavailable)
rElec   .            (cloak currently unavailable)
rCorr   .            (gloves currently unavailable)
SInv    .            (boots currently unavailable)
Will    .....        (no amulet)
Stlth   ++           d - +6 ring of strength
HPRegen 0.30/turn    (no ring)
MPRegen 0.09/turn

%: no passive effects
@: tree-form
A: stationary, stasis, torment immunity, boosted hp, AC +5, unfitting armour,
(cold-blooded)
a: no special abilities


You were on level 3 of the Dungeon.
You were a tree.
You visited 1 branch of the dungeon, and saw 3 of its levels.

You collected 67 gold pieces.

Inventory:

Hand Weapons
 a - a +0 falchion (weapon)
Armour
 c - an orb of light
Jewellery
 d - a +6 ring of strength (left branch)
Wands
 h - a wand of polymorph (4)
Scrolls
 e - 3 scrolls of identify {unknown}
 i - a scroll of amnesia {unknown}
 j - 2 scrolls of teleportation {unknown}
Potions
 f - a potion of magic {unknown}
 g - a potion of brilliance
 k - a potion of lignification
 l - a potion of degeneration {unknown}
 m - a potion of mutation {unknown}
 n - 2 potions of flight {unknown}


   Skills:
 + Level 4.1 Fighting
 + Level 3.7 Long Blades
 + Level 3.4 Dodging
 + Level 1.5 Stealth


You had 3 spell levels left.
You didn't know any spells.
Your spell library was empty.

Dungeon Overview and Level Annotations

Branches:
Dungeon (3/15)

Altars:
Trog

Annotations:
D:3 Sigmund


Innate Abilities, Weirdness & Mutations

You are a tree.
Your roots penetrate the ground, keeping you stationary.
You cannot be teleported.
You are immune to unholy pain and torment.
Your maximum health is greatly increased.
Your equipment is partially melded.
((Your plain brown scales are hard. (AC +5)))
You cannot fit into any form of body armour.
((You are cold-blooded and may be slowed by cold attacks.))


Message History

You are too injured to fight recklessly!
You are too injured to fight recklessly!
You are too injured to fight recklessly!
You are too injured to fight recklessly!
There is a strange disturbance nearby!
You are too injured to fight recklessly!
You are too injured to fight recklessly!
You are too injured to fight recklessly!
You are too injured to fight recklessly!
You are too injured to fight recklessly!
You are too injured to fight recklessly!
You are too injured to fight recklessly!
You are too injured to fight recklessly!
You closely miss something. Something hits you!
* * * LOW HITPOINT WARNING * * *
You hit something. Something hits you but does no damage.
You slash something!
You hear some strange, mumbled words.
You are confused.
You're too confused to move!
Something barely misses you.
You bump into the rock wall.
You're too confused to move!
Something hits you!
* * * LOW HITPOINT WARNING * * *
You are more confused.
You feel invigorated. Something barely misses you.
You completely miss something.
You bump into the rock wall.
Something hits you.
You bump into the rock wall.
Something hits you!
* * * LOW HITPOINT WARNING * * *
You bump into the rock wall.
You bump into the rock wall.
You feel less invigorated. Something hits you. Something hits you!
* * * LOW HITPOINT WARNING * * *
You're too confused to move!
You feel less confused.
It was a potion of lignification.
You turn into a tree.
Your roots penetrate the ground.
A magic dart appears from out of thin air!
The magic dart hits you!
You die...

..#.#.##... # ##.# # ###..
.# ...... ### ##..# ####..
#.. ...... ..... #.#
#.#.#.# #####..
###.####....... ....... #
##.....♣.{.#.#.# #.....
#.#<...####......# #.....
#...........>..#.####.....
###....#######.#....###...
##.#.#######...##.# #..#
#.#.#...#...#.##.# ##..
#.#..............# #.#
#.###............# #..
#.###..#...####..#####.


There were no monsters in sight!

Vanquished Creatures
  Jessica (D:2)
  4 adders (D:2)
  A dart slug (D:2)
  A worm (D:2)
  3 endoplasms
  6 goblins
  4 hobgoblins
  2 jackals (D:1)
  2 kobolds (D:1)
  4 ball pythons
  5 bats
  4 frilled lizards (D:1)
  3 rats
40 creatures vanquished.

Notes
Turn   | Place    | Note
-------+----------+-------------------------------------------
     0 | D:1      | mememasterpepo the Draconian Monk began the quest for the
                  | Orb.
     0 | D:1      | Reached XP level 1. HP: 19/19 MP: 1/1
   252 | D:1      | Reached XP level 2. HP: 26/26 MP: 2/2
   538 | D:2      | Noticed Jessica
   542 | D:2      | Killed Jessica
   543 | D:2      | Reached XP level 3. HP: 33/33 MP: 3/3
   570 | D:2      | Reached skill level 1 in Stealth
   814 | D:2      | Reached skill level 4 in Fighting
   814 | D:2      | Reached XP level 4. HP: 40/40 MP: 4/4
  1364 | D:3      | Found a bloodstained altar of Trog.
  1399 | D:3      | Noticed Sigmund
  1421 | D:3      | Killed from afar by Sigmund

Illustrated notes

Levels and vault maps discovered:
D:1:      mrwooster_arrival_arrow, layout_rooms, serial_bayou_pond_d, hex_medium
D:2:      layout_loops_cross, uniq_jessica
D:3:      layout_loops_ring, trog_three_pillars_becter, serial_glass,
          glass_columns_c, glass_columns_a, glass_columns_b, glass_columns_a,
          glass_columns_a, glass_columns_a, glass_columns_a, glass_columns_c,
          kennysheep_generic_room_9, uniq_natasha, uniq_sigmund

Skill      XL: |  1  2  3 |
---------------+----------+-----
Dodging        | 3 |  3.4
Stealth        | 1 |  1.5
Fighting       | 4 |  4.1
Long Blades    | |  3.7

Action                     |  1- 3 |  4- 6 || total
---------------------------+-------+-------++-------
  Melee: Falchion          |    98 |    50 ||   148
         Tailslap          |    12 |     1 ||    13
         Punch             |     2 |     1 ||     3
         Unarmed           |     1 |       ||     1
    Use: Potion            |       |     2 ||     2
   Stab: Sleeping          |     1 |     1 ||     2
 Armour: Skin              |    34 |    17 ||    51
  Dodge: Dodged            |    71 |    28 ||    99
